 Dungeon Crawl Stone Soup version 0.21.0-3-g78d12a8 (webtiles) character file.

45206 Mgcat the Geomancer (level 14, -3/88 HPs)
             Began as a Gargoyle Earth Elementalist on Jan 12, 2018.
             Was a High Priest of Vehumet.
             Slain by a wyvern (5 damage)
             ... on level 6 of the Lair of Beasts.
             The game lasted 01:18:40 (25277 turns).

Mgcat the Geomancer (Gargoyle Earth Elementalist)  Turns: 25277, Time: 01:18:40

Health: -3/88      AC: 15    Str: 14    XL:     14   Next: 32%
Magic:  26/37      EV: 16    Int: 40    God:    Vehumet [*****.]
Gold:   999        SH:  0    Dex: 10    Spells: 18/33 levels left

rFire    + + .     SeeInvis .   T - +1 dagger of Luutusu {flame, *Drain rN+++ Int+10} (curse)
rCold    + . .     Gourm    .   (no shield)
rNeg     + + +     Faith    .   F - +1 robe "Jiadas" {rElec Int+6}
rPois    ∞         Spirit   .   J - +1 hat
rElec    +         Reflect  .   w - scarf {rC+ rF+}
rCorr    .         Harm     .   j - +1 pair of gloves
MR       +....                  z - +2 pair of boots
Stlth    ++........             y - amulet of rage
HPRegen  0.24/turn              K - ring of magical power
MPRegen  0.25/turn              B - ring of protection from fire

@: brilliant, corroded, flying, hasted, very quick
A: big wings, negative energy resistance 1, electricity resistance, unbreathing,
petrification resistance, rot immunity, AC +10
a: Stop Flying, Renounce Religion, Evoke Berserk Rage


You were on level 6 of the Lair of Beasts.
You worshipped Vehumet.
Vehumet was extremely pleased with you.
You were hungry.

You visited 3 branches of the dungeon, and saw 18 of its levels.
You also visited: Ice Cave.

You collected 999 gold pieces.

Inventory:

Hand Weapons
 c - the +7 mace of Contradiction {holy, rF+}
   (You found it on level 4 of the Lair of Beasts)

   It has been blessed by the Shining One to cause great damage to the undead
   and demons.
   It protects you from fire.
 v - a +5 quarterstaff of protection
 T - the cursed +1 dagger of Luutusu (weapon) {flame, *Drain rN+++ Int+10}
   (You found it on level 11 of the Dungeon)

   It has been specially enchanted to burn those struck by it, causing extra
   injury to most foes and up to half again as much damage against particularly
   susceptible opponents.
   It affects your intelligence (+10).
   It renders you almost immune to negative energy.
   It causes draining when unequipped.
   It has a curse placed upon it.
Missiles
 b - 149 stones (quivered)
Armour
 j - a +1 pair of gloves (worn)
 w - a scarf of resistance (worn)
 z - a +2 pair of boots (worn)
 F - the +1 robe "Jiadas" (worn) {rElec Int+6}
   (You found it on level 7 of the Dungeon)

   It affects your intelligence (+6).
   It insulates you from electricity.
 J - a +1 hat (worn)
Jewellery
 e - an uncursed ring of ice
 l - a +2 ring of intelligence
 y - an amulet of rage (around neck)
 B - a ring of protection from fire (right hand)
 K - a ring of magical power (left hand)
 X - an uncursed ring of positive energy
Scrolls
 g - 3 scrolls of amnesia
 h - 5 scrolls of identify
 x - 3 scrolls of enchant weapon
 Q - 5 scrolls of remove curse
Potions
 k - 9 potions of curing
 q - a potion of haste
 r - 2 potions of brilliance
 u - a potion of invisibility {unknown}
 R - a potion of flight {unknown}
 U - a potion of resistance {unknown}
 W - a potion of degeneration {unknown}
Books
 a - a book of Spatial Translocations

   Spells                             Type                      Level
   a - Blink                          Translocation                2
   b - Shroud of Golubria             Charms/Translocation         2
   c - Lesser Beckoning               Translocation                3
   d - Gell's Gravitas                Translocation                3
   e - Teleport Other                 Translocation                3
   f - Passage of Golubria            Translocation                4
Comestibles
 d - 38 rations


   Skills:
 + Level 10.7 Fighting
 + Level 8.6 Dodging
 - Level 2.1 Stealth
 + Level 10.4 Spellcasting
 + Level 11.7 Conjurations
   Level 0.7 Transmutations
 + Level 7.5 Fire Magic
 + Level 13.3 Earth Magic


You had 18 spell levels left.
You knew the following spells:

 Your Spells              Type           Power        Failure   Level  Hunger
a - Sandblast             Erth           ######       0%          1    None
b - Stone Arrow           Conj/Erth      ######       1%          3    None
c - Lee's Rapid Deconstr  Erth           ########..   1%          5    None
d - Flame Tongue          Conj/Fire      #####        1%          1    None
e - Conjure Flame         Conj/Fire      #######.     1%          3    None
f - Blink                 Tloc           N/A          1%          2    None


Dungeon Overview and Level Annotations

Branches:
Dungeon (11/15)            Temple (1/1) D:7            Lair (6/6) D:8
 Shoals (0/4) Lair:3        Snake (0/4) Lair:3        Slime (0/5) Lair:6
    Orc (0/2) D:9

Altars:
Cheibriados
Dithmenos
Elyvilon
Fedhas
Gozag
Kikubaaqudgha
Makhleb
Nemelex Xobeh
Qazlal
Ru
Sif Muna
Trog
Uskayaw
Vehumet
Wu Jian
Xom
Yredelemnul
Zin
The Shining One

Shops:
D:5 *   D:7 (   D:9 (

Annotations:
Lair:4 exclusion: 4 oklob plants


Innate Abilities, Weirdness & Mutations

You are resistant to torment.
Your stone body is resilient. (AC +10)
You are immune to poison.
Your large and strong wings let you fly indefinitely.
You resist negative energy. (rN+)
You are resistant to electric shocks. (rElec)
You can survive without breathing.
You are immune to petrification.
You are immune to rotting.


Message History

You assume a fearsome visage.
The acid dragon looks frightened! x2
The crocodile looks frightened!
The swamp drake looks frightened! x2
The iguana looks frightened!
The basilisk looks frightened!
The water moccasin looks frightened!
It was a scroll of fear.
The acid dragon bites something.
The acid dragon completely misses something.
The basilisk barely misses the iguana.
A wyvern comes into view.
The water moccasin bites the plant.
The wyvern moves out of view.
The wyvern hisses angrily.
You hear an angry hiss.
The water moccasin bites the plant.
Cornered, the water moccasin turns to fight!
The basilisk bites the acid dragon!
A water moccasin comes into view.
The water moccasin bites the plant.
The wyvern closely misses you. The wyvern bites you.
* * * LOW HITPOINT WARNING * * *
A polar bear comes into view.
The wyvern bites you.
You die...

.....,,,,,,,,,,,,,...............
......,,,...§.,,,,,..............
.......)..§≈≈.P,,,,.............#
.........#≈D≈.##***##############
.........≈≈§≈.P♣
........!.§§≈.≈♣♣♣♣♣♣♣♣♣♣
....#.#.§.≈P..≈.♣♣.≈♣.♣P♣♣♣♣
...###.....h..≈≈ll.≈≈S..tP.♣♣
..†#≈#........PS@.♣.≈≈.♣♣...♣♣♣
..#≈≈≈†........♣♣♣♣♣♣≈≈S♣P.♣..♣♣
..≈≈≈≈#.......#♣♣♣♣.≈♣♣.≈.P....♣*
..≈≈≈l........#*.....♣♣♣≈kl.≈♣..*
..≈.≈Hl......##*♣..♣♣♣.♣≈♣≈≈≈≈♣,*
.............# ♣.♣....≈..♣♣♣≈.P,
....#.P......# ♣♣♣l.♣≈≈.♣♣♣♣*≈.,
P#P..........# ♣♣..l≈≈≈P♣♣♣.♣♣♣≈≈
PP...).#.....#♣♣.Dl♣♣.♣♣♣$[.(|♣*,


You could see a polar bear (wandering), 2 water moccasins, 2 wyverns and an acid
dragon (fleeing).

Vanquished Creatures
  Gastronok (D:8)
  Erolcha (D:10)
  Harold (Lair:1)
  3 hydras
  A catoblepas (Lair:5)
  2 two-headed ogres
  A death yak (Lair:5)
  Nergalle (Lair:4)
  An oklob plant (Lair:5)
  A manticore (D:11)
  A cyclops (D:11)
  9 elephants
  4 black mambas
  2 centaur zombies
  A torpor snail (Lair:2)
  15 spiny frogs
  6 komodo dragons
  3 rime drakes
  3 ice devils
  5 trolls
  8 blink frogs
  2 polar bears
  A slime creature (Lair:4)
  4 hornets
  A dream sheep (Lair:6)
  6 hippogriffs
  A snapping turtle (Lair:3)
  25 yaks
  A wraith (D:11)
  Eustachio (D:5)
  9 wyverns
  6 hungry ghosts
  3 wargs (D:8)
  7 water moccasins
  2 nagas (Lair:3)
  15 porcupines
  Duvessa (D:4)
  3 ice beasts
  4 orc warriors
  2 phantoms
  3 sky beasts
  4 ogres
  A necrophage (D:11)
  34 wolves
  3 centaurs
  7 crocodiles
  20 bullfrogs
  Dowan (D:4)
  2 water moccasin skeletons
  4 scorpions
  8 wights
  The ghost of dscm the Shield-Bearer, a weakling OpFi (D:3)
  An electric eel (Lair:1)
  5 howler monkeys
  3 crimson imps
  A quasit (D:6)
  A bullfrog zombie (D:7)
  An iron imp (D:6)
  7 jellies
  3 hounds
  15 orc priests
  Crazy Yiuf (D:2)
  A gnoll shaman (D:8)
  Jessica (D:2)
  5 iguanas
  9 orc wizards
  9 worker ants
  2 hound skeletons
  A mummy (D:4)
  12 adders
  8 gnolls
  A shadow imp (D:6)
  17 oozes
  2 adder zombies
  2 adder skeletons (D:7)
  A worm (D:2)
  A dart slug (D:1)
  5 leopard geckos
  48 orcs
  2 giant cockroaches (D:5)
  9 goblins
  6 hobgoblins
  5 jackals
  A quokka (shapeshifter) (D:3)
  4 ball pythons
  14 bats
  3 frilled lizards
  5 kobolds
  A leopard gecko skeleton (D:4)
  A leopard gecko zombie (D:6)
  5 rats
  A butterfly (Lair:5)
  A fungus (Lair:4)
473 creatures vanquished.

Vanquished Creatures (others)
  17 fungi
  22 plants
39 creatures vanquished.

Grand Total: 512 creatures vanquished

Notes
Turn   | Place    | Note
-------+----------+-------------------------------------------
     0 | D:1      | Mgcat the Gargoyle Earth Elementalist began the quest for the Orb.
     0 | D:1      | Reached XP level 1. HP: 10/10 MP: 3/3
   388 | D:1      | Reached skill level 4 in Earth Magic
   388 | D:1      | Reached XP level 2. HP: 13/15 MP: 5/5
  1126 | D:1      | Reached XP level 3. HP: 19/19 MP: 6/6
  1131 | D:1      | Learned a level 3 spell: Stone Arrow
  1411 | D:2      | Reached skill level 1 in Conjurations
  1916 | D:2      | Reached XP level 4. HP: 13/24 MP: 8/8
  2064 | D:2      | Found a runed door.
  2088 | D:2      | Found a sacrificial altar of Ru.
  2154 | D:2      | Noticed Jessica
  2162 | D:2      | Killed Jessica
  2462 | D:2      | Found a bloodstained altar of Trog.
  2656 | D:2      | Noticed Crazy Yiuf
  2661 | D:2      | Killed Crazy Yiuf
  2661 | D:2      | Reached skill level 5 in Earth Magic
  2661 | D:2      | Reached XP level 5. HP: 20/28 MP: 3/10
  2815 | D:3      | Noticed dscm's ghost (weakling OpFi)
  2824 | D:3      | Killed dscm's ghost
  3050 | D:3      | Found an opulent altar of Gozag.
  3728 | D:4      | Learned a level 5 spell: Lee's Rapid Deconstruction
  3842 | D:4      | Reached XP level 6. HP: 26/32 MP: 5/11
  3956 | D:4      | You fall through a shaft for 3 floors!
  4080 | D:7      | Found Iriatzag's Antique Weapon Shoppe.
  4104 | D:7      | Reached skill level 6 in Earth Magic
  4164 | D:7      | Reached XP level 7. HP: 28/36 MP: 5/13
  4303 | D:7      | Noticed a yak
  4305 | D:7      | Noticed a yak
  4308 | D:7      | Noticed a yak
  4315 | D:7      | Killed a yak
  4618 | D:5      | Entered Level 5 of the Dungeon
  4677 | D:5      | Reached skill level 7 in Earth Magic
  4742 | D:5      | Reached skill level 5 in Spellcasting
  4888 | D:5      | Noticed Eustachio
  4906 | D:5      | Killed Eustachio
  4906 | D:5      | Reached skill level 1 in Fighting
  4906 | D:5      | Reached skill level 5 in Conjurations
  4906 | D:5      | Reached XP level 8. HP: 35/43 MP: 1/15
  5251 | D:5      | Found Zin's Purification Station.
  5253 | D:5      | Found a glowing silver altar of Zin.
  5857 | D:4      | Found a stormy altar of Qazlal.
  5860 | D:4      | Noticed a water elemental
  5860 | D:4      | Noticed an air elemental
  6134 | D:4      | Noticed Dowan
  6144 | D:4      | Noticed Duvessa
  6157 | D:4      | Killed Duvessa
  6159 | D:4      | Killed Dowan
  6893 | D:6      | Reached skill level 8 in Earth Magic
  6935 | D:6      | Reached XP level 9. HP: 33/51 MP: 17/17
  7086 | D:6      | Found a snail-covered altar of Cheibriados.
  7683 | D:7      | Found a staircase to the Ecumenical Temple.
  7765 | Temple   | Entered the Ecumenical Temple
  7859 | Temple   | Became a worshipper of Vehumet
  8705 | D:7      | Got a steaming robe
  8716 | D:7      | Identified the +1 robe "Jiadas" {rElec Int+6} (You found it on level 7 of the Dungeon)
  8978 | D:8      | Found a staircase to the Lair.
  9005 | D:8      | Reached skill level 9 in Earth Magic
  9082 | D:8      | Reached skill level 5 in Fighting
  9233 | D:8      | Reached XP level 10. HP: 59/59 MP: 13/20
  9551 | D:8      | Noticed Gastronok
  9576 | D:8      | Killed Gastronok
  9579 | D:8      | Reached skill level 5 in Dodging
  9849 | D:8      | Reached skill level 10 in Earth Magic
  9889 | D:8      | Reached * piety under Vehumet
  9889 | D:8      | Offered knowledge of Flame Tongue by Vehumet.
  9892 | D:8      | Learned a level 1 spell: Flame Tongue
 10740 | D:8      | Reached XP level 11. HP: 63/66 MP: 12/22
 11146 | D:9      | Offered knowledge of Throw Flame by Vehumet.
 11152 | D:9      | Found Zuzamumn's Weapon Boutique.
 11153 | D:9      | Found a staircase to the Orcish Mines.
 11232 | D:9      | Reached ** piety under Vehumet
 11259 | D:9      | Reached skill level 1 in Fire Magic
 11514 | D:9      | Found a glowing golden altar of the Shining One.
 11666 | D:9      | Noticed a two-headed ogre
 11671 | D:9      | Killed a two-headed ogre
 12090 | D:10     | Entered Level 10 of the Dungeon
 12806 | D:10     | Offered knowledge of Conjure Flame by Vehumet.
 12811 | D:10     | Learned a level 3 spell: Conjure Flame
 12840 | D:10     | Noticed Erolcha
 12846 | D:10     | Killed Erolcha
 12846 | D:10     | Reached skill level 11 in Earth Magic
 13230 | D:11     | Noticed a two-headed ogre
 13406 | D:11     | Noticed a manticore
 13411 | D:11     | Killed a manticore
 13530 | D:11     | Noticed a cyclops
 13553 | D:11     | Killed a cyclops
 13757 | D:11     | Reached *** piety under Vehumet
 14054 | D:11     | Reached XP level 12. HP: 73/73 MP: 24/24
 14160 | D:11     | Killed a two-headed ogre
 14446 | D:11     | Offered knowledge of Inner Flame by Vehumet.
 14462 | D:11     | Got a faintly glowing helmet
 14473 | D:11     | Identified the cursed -3 helmet of the Salamander {Int+4} (You found it on level 11 of the Dungeon)
 14618 | D:11     | Noticed a four-headed hydra
 14624 | D:11     | Killed a four-headed hydra
 14852 | D:11     | Got a jewelled dagger
 14853 | D:11     | Identified the cursed +1 dagger of Luutusu {flame, *Drain rN+++ Int+10} (You found it on level 11 of the Dungeon)
 15559 | Lair:1   | Entered Level 1 of the Lair of Beasts
 15610 | D:8      | Reached skill level 10 in Conjurations
 16074 | Lair:1   | Reached **** piety under Vehumet
 16312 | Lair:1   | Noticed Harold
 16324 | Lair:1   | Killed Harold
 16750 | Lair:1   | Reached skill level 5 in Fire Magic
 17411 | Lair:2   | Reached skill level 12 in Earth Magic
 17604 | Lair:2   | Offered knowledge of Olgreb's Toxic Radiance by Vehumet.
 17905 | Lair:2   | Reached XP level 13. HP: 78/80 MP: 16/26
 18721 | Lair:3   | Found a staircase to the Snake Pit.
 19298 | Lair:3   | Found a staircase to the Shoals.
 20420 | Lair:4   | Got a crude mace
 20424 | Lair:4   | Identified the +7 mace of Contradiction {holy, rF+} (You found it on level 4 of the Lair of Beasts)
 20582 | Lair:4   | Reached ***** piety under Vehumet
 20582 | Lair:4   | Offered knowledge of Throw Icicle by Vehumet.
 21500 | Lair:4   | Noticed Nergalle
 21507 | Lair:4   | Killed Nergalle
 22343 | Lair:4   | Reached skill level 10 in Fighting
 22542 | Lair:5   | Found a frozen archway.
 22551 | IceCv    | Entered an ice cave
 23052 | Lair:5   | Reached skill level 10 in Spellcasting
 23395 | Lair:5   | Learned a level 2 spell: Blink
 23760 | Lair:5   | Reached skill level 13 in Earth Magic
 23834 | Lair:5   | Gained mutation: Your large and strong wings let you fly indefinitely. [Gargoyle growth]
 23834 | Lair:5   | Reached XP level 14. HP: 88/88 MP: 16/28
 24653 | Lair:6   | Entered Level 6 of the Lair of Beasts
 25269 | Lair:6   | HP: 3/88 [acid (16)]
 25276 | Lair:6   | HP: 2/88 [wyvern (2)]
 25277 | Lair:6   | Slain by a wyvern

Skill      XL: |  1  2  3  4  5  6  7  8  9 10 11 12 13 14 |
---------------+-------------------------------------------+-----
Earth Magic    | 4 5 6 7 8 9 10 11 12 13 | 13.3
Conjurations   | 1 2 3 5 7 8 9 10 11 | 11.7
Spellcasting   | 3 4 5 6 7 8 9 10 | 10.4
Fighting       | 1 3 5 6 8 9 10 | 10.7
Dodging        | 2 3 4 5 6 7 8 |  8.6
Fire Magic     | 3 5 6 7 |  7.5
Stealth        | |  2.1
Transmutations | |  0.7

Action                   |  1- 3 |  4- 6 |  7- 9 | 10-12 | 13-15 || total
-------------------------+-------+-------+-------+-------+-------++-------
Melee: Unarmed           |    27 |       |       |       |       ||    27
       Club              |   133 |    27 |       |       |       ||   160
       Quarterstaff      |       |    70 |   195 |   160 |       ||   425
       Dagger            |       |       |       |    66 |    53 ||   119
 Cast: Sandblast         |    16 |    47 |    29 |    79 |    55 ||   226
       Stone Arrow       |       |     1 |    36 |   249 |   249 ||   535
       Lee's Rapid Decon |       |       |       |     4 |    36 ||    40
 Abil: Fly               |       |       |       |       |     1 ||     1
  Use: Scroll            |       |     7 |     3 |     1 |    17 ||    28
       Potion            |       |       |       |       |     3 ||     3
 Stab: Sleeping          |     5 |     2 |     3 |     1 |       ||    11
       Confused          |       |       |     2 |       |       ||     2
       Paralysed         |       |       |     2 |     5 |       ||     7
  Eat: Chunk             |     3 |     8 |    14 |    33 |    20 ||    78
       Ration            |       |       |     1 |       |     1 ||     2
Armor: Robe              |    65 |    45 |    87 |   170 |    97 ||   464
Dodge: Dodged            |   145 |    70 |   171 |   294 |   182 ||   862
